 Dungeon Sprint DCSS version 0.27-a0-1431-gcffa5a9b16 (webtiles) character file.

Game seed: 1554984238985275474

2582 mhtbhm the Cleaver (level 9, -12/135 HPs)
             Began as a Minotaur Fighter on July 2, 2021.
             Was a High Priest of Trog.
             Killed from afar by Arachne (34 damage)
             ... with a poison arrow
             ... in the Dungeon (Sprint VII: "The Pits").
             The game lasted 00:01:49 (1176 turns).

mhtbhm the Cleaver (Minotaur Fighter)               Turns: 1176, Time: 00:01:49

Health: -12/135    AC: 18    Str: 26    XL:     9   Next: 32%
Magic:  2/2        EV: 12    Int:  5    God:    Trog [*****.]
Gold:   0          SH: 13    Dex: 11    Spells: 8/8 levels left

rFire    . . .     SeeInvis .   a - +3 broad axe (antimagic)
rCold    . . .     Faith    .   c - +0 kite shield
rNeg     . . .     Spirit   .   b - +3 chain mail
rPois    .         Reflect  .   (helmet restricted)
rElec    .         Harm     .   q - +0 cloak
rCorr    .         Rampage  .   (no gloves)
Will     .....     NoTele   +   p - +0 pair of boots
Stlth    ..........             (no amulet)
HPRegen  0.32/turn              m - +3 ring of evasion
MPRegen  0.08/turn              n - +3 ring of strength

@: berserking, lethally poisoned (-12 -> -66), very quick
A: horns 2, retaliatory headbutt
a: Renounce Religion, Berserk, Trog's Hand, Brothers in Arms


You were in the Dungeon.
You worshipped Trog.
Trog was extremely pleased with you.
You visited 1 branch

Inventory:

Hand Weapons
 a - a +3 antimagic broad axe (weapon)
Armour
 b - a +3 chain mail (worn)
 c - a +0 kite shield (worn)
 p - a +0 pair of boots (worn)
 q - a +0 cloak (worn)
Jewellery
 m - a +3 ring of evasion (left hand)
 n - a +3 ring of strength (right hand)
Scrolls
 j - a scroll of blinking
 l - a scroll of summoning
Potions
 d - 3 potions of might
 e - 6 potions of curing
 f - 13 potions of heal wounds
 g - a potion of haste
 h - 4 potions of magic
 i - 3 potions of berserk rage
 k - 2 potions of invisibility
 o - a potion of mutation


   Skills:
 + Level 11.6 Fighting
 + Level 14.0 Axes
 + Level 12.8 Armour
 + Level 3.4 Dodging
 + Level 0.7 Stealth
 + Level 12.7 Shields


You had 8 spell levels left.
You didn't know any spells.
Your spell library was empty.

Dungeon Overview and Level Annotations

Branches:
Dungeon (1/1)

Altars:
Ashenzari
Cheibriados
Dithmenos
Elyvilon
Fedhas
Gozag
Hepliaklqana
Kikubaaqudgha
Makhleb
Nemelex Xobeh
Okawaru
Qazlal
Ru
Sif Muna
Trog
Uskayaw
Vehumet
Wu Jian
Xom
Yredelemnul
Zin
The Shining One
Beogh
Jiyva
Lugonu

Annotations:
D Arachne


Innate Abilities, Weirdness & Mutations

You have a pair of horns on your head.
You reflexively headbutt those who attack you in melee.


Message History

You destroy the phantasmal warrior!
Trog accepts your kill.
You feel sick. You block Arachne's attack.
Unknown command.
You slash Arachne!
Arachne's magic leaks into the air.
Arachne is moderately wounded.
You slice the crimson imp!!
You kill the crimson imp!
Trog accepts your kill.
You feel sick. Arachne hits you but does no damage. Arachne envenoms you!
You are more poisoned.
Your Axes skill increases to level 14!
You hit Arachne.
Arachne's magic leaks into the air.
Arachne is moderately wounded.
You feel sick.
Arachne falters for a moment.
You slice Arachne!!
Arachne's magic leaks into the air.
Your headbutt misses Arachne.
Arachne is heavily wounded.
You feel sick.
Arachne falters for a moment.
Unknown command.
You slash Arachne!
Arachne's magic leaks into the air.
Arachne is heavily wounded.
You feel sick.
Arachne falters for a moment.
Unknown command.
You barely miss Arachne.
Arachne is heavily wounded.
You feel sick.
Arachne stares at you and mumbles some strange words.
The poison arrow hits you!!!
You are more poisoned.
* * * LOW HITPOINT WARNING * * *
You slice Arachne!!
Arachne's magic leaks into the air.
Your headbutt misses Arachne.
Arachne is heavily wounded.
* * * LOW HITPOINT WARNING * * *
You feel very sick. Arachne casts a spell at you. The poison arrow hits you!!
You are lethally poisoned!
You die...

..# ..# ######## ..#
...##..# ..#
...##..# ..#
...''..# ..#
...''.)##########..#
...##.†.........@H.#
...##..............#
####################


You could see Arachne.

Vanquished Creatures
  A sea snake (D)
  A flayed ghost (D)
  A phantasmal warrior (D)
  A lindwurm (D)
  A floating eye (D)
  3 centaurs (D)
  A wolf (D)
  A scorpion (D)
  A crimson imp (D)
  2 quasits (D)
  A jelly (D)
  A gnoll shaman (D)
  A hell rat (D)
  A gnoll (D)
  An adder (D)
  A river rat (D)
  An ufetubus (D)
  An orc (D)
  2 endoplasms (D)
  A goblin (D)
  A quokka (D)
  A ball python (D)
  A kobold (D)
  A quokka skeleton (D)
28 creatures vanquished.

Notes
Turn   | Place    | Note
-------+----------+-------------------------------------------
     0 | D        | mhtbhm the Minotaur Fighter began the quest for the Orb.
     0 | D        | Reached XP level 1. HP: 19/19 MP: 0/0
    20 | D        | Found a bloodstained altar of Trog.
    20 | D        | Found a shimmering blue altar of Sif Muna.
    20 | D        | Found a viscous altar of Jiyva.
    20 | D        | Found a hazy altar of Hepliaklqana.
    20 | D        | Found an opulent altar of Gozag.
    21 | D        | Found a glowing golden altar of the Shining One.
    21 | D        | Found a glowing silver altar of Zin.
    21 | D        | Found a basalt altar of Yredelemnul.
    21 | D        | Found a shimmering altar of Xom.
    21 | D        | Found an ornate altar of the Wu Jian Council.
    21 | D        | Found a sacrificial altar of Ru.
    21 | D        | Found a stormy altar of Qazlal.
    21 | D        | Found an iron altar of Okawaru.
    21 | D        | Found a sparkling altar of Nemelex Xobeh.
    21 | D        | Found a burning altar of Makhleb.
    21 | D        | Found a blossoming altar of Fedhas.
    21 | D        | Found a white marble altar of Elyvilon.
    21 | D        | Found a shadowy altar of Dithmenos.
    21 | D        | Found a snail-covered altar of Cheibriados.
    23 | D        | Found a radiant altar of Vehumet.
    23 | D        | Found a corrupted altar of Lugonu.
    25 | D        | Became a worshipper of Trog the Wrathful
    69 | D        | Reached skill level 3 in Axes
    69 | D        | Reached XP level 2. HP: 17/28 MP: 1/1
   197 | D        | Reached * piety under Trog
   198 | D        | Reached skill level 5 in Shields
   201 | D        | Reached skill level 4 in Axes
   201 | D        | Reached skill level 5 in Armour
   305 | D        | Noticed a floating eye
   309 | D        | Paralysed by a floating eye for 2 turns
   312 | D        | Killed a floating eye
   313 | D        | Reached skill level 5 in Axes
   313 | D        | Reached XP level 3. HP: 38/38 MP: 2/2
   313 | D        | Reached XP level 4. HP: 45/45 MP: 3/3
   318 | D        | Reached ** piety under Trog
   383 | D        | Noticed a centaur
   383 | D        | Noticed a wolf
   383 | D        | Noticed a centaur
   391 | D        | Noticed a scorpion
   395 | D        | Killed a centaur
   395 | D        | Reached *** piety under Trog
   396 | D        | Reached skill level 6 in Axes
   396 | D        | Reached XP level 5. HP: 39/53 MP: 4/4
   400 | D        | Killed a centaur
   401 | D        | Reached skill level 7 in Axes
   401 | D        | Reached skill level 1 in Dodging
   401 | D        | Reached XP level 6. HP: 29/62 MP: 5/5
   404 | D        | Reached skill level 8 in Axes
   598 | D        | Reached **** piety under Trog
   599 | D        | Reached skill level 9 in Axes
   599 | D        | Reached skill level 10 in Armour
   600 | D        | Noticed a lindwurm
   612 | D        | Killed a lindwurm
   613 | D        | Reached skill level 10 in Fighting
   613 | D        | Reached skill level 10 in Axes
   613 | D        | Reached skill level 10 in Shields
   613 | D        | Reached XP level 7. HP: 17/72 MP: 6/6
   890 | D        | Reached ***** piety under Trog
   891 | D        | Reached XP level 8. HP: 80/80 MP: 7/7
   896 | D        | Noticed a flayed ghost
   903 | D        | Reached skill level 11 in Axes
   906 | D        | Killed a flayed ghost
   907 | D        | Reached skill level 12 in Axes
  1051 | D        | Found a hide-covered altar of Uskayaw.
  1051 | D        | Found an ancient bone altar of Kikubaaqudgha.
  1051 | D        | Found a broken altar of Ashenzari.
  1078 | D        | Noticed a sea snake
  1088 | D        | Received a gift from Trog
  1089 | D        | Killed a sea snake
  1090 | D        | Reached skill level 13 in Axes
  1090 | D        | Reached XP level 9. HP: 87/89 MP: 8/8
  1162 | D        | Noticed Arachne
  1162 | D        | Noticed a phantasmal warrior
  1170 | D        | Killed a phantasmal warrior
  1172 | D        | Reached skill level 14 in Axes
  1176 | D        | Killed from afar by Arachne

Illustrated notes

Levels and vault maps discovered:
D:        pitsprint [storerooms_1, entrance_room_1, metal_vault_6, armoury_2,
          mini_pit_1, grid_room_1, main_hall_1, silver_pit, the_coven_1,
          the_vestibule_1, steel_vault_2, golden_pit, hallway_of_sentries,
          crystal_vault_5, iron_vault_4, final_vault]

Skill      XL: |  1  2  3  4  5  6  7  8  9 |
---------------+----------------------------+-----
Fighting       | 4 6 7 8 10 11 | 11.6
Armour         | 4 7 8 9 11 12 | 12.8
Shields        | 4 6 7 8 10 12 | 12.7
Axes           | 3 5 6 7 10 13 14 | 14.0
Dodging        | 1 2 3 |  3.4
Stealth        | |  0.7

Action                   |  1- 3 |  4- 6 |  7- 9 || total
-------------------------+-------+-------+-------++-------
Melee: Hand axe          |    15 |    36 |    12 ||    63
       Headbutt          |     3 |    11 |     6 ||    20
       War axe           |     1 |       |     9 ||    10
       Broad axe         |       |       |    13 ||    13
Invok: Berserk           |       |     1 |     2 ||     3
  Use: Potion            |       |     1 |       ||     1
Armor: Scale mail        |     5 |     4 |       ||     9
       Chain mail        |       |    36 |    10 ||    46
Dodge: Dodged            |     3 |    15 |    11 ||    29
Block: Kite shield       |     3 |    38 |    17 ||    58

Table legend: (Time is in decaauts)
 A = Elapsed time spent in this place.
 B = Non-inter-level travel time spent in this place.
 C = Inter-level travel time spent in this place.
 D = Time resting spent in this place.
 E = Time spent auto-exploring this place.
 F = Levels seen in this place.
 G = Mean time per level.
                   A        B        C        D        E       F      G
               +--------+--------+--------+--------+--------+-----+--------+
         Total |   1191 |   1191 |      0 |    726 |     84 |   1 | 1191.0 |
       Dungeon |   1191 |   1191 |      0 |    726 |     84 |   1 | 1191.0 |
               +--------+--------+--------+--------+--------+-----+--------+

Top non-repeatable levels by time:
       D: 1191 daAuts
